AoeStats
← 150490644@

Arena

506813981Analyzed
1v1 RM · 18d ago on Sep 15, 2026· 40m 6s· 2 players
Game mode
Random Map
Map size
Tiny (2 player)
Population
200
Speed
Normal
Resources
Standard
Victory
Conquest
Starting age
Dark Age
Ending age
Imperial Age
RankedLock teamsTeams togetherTeam positionsShared explorationLock speedFull tech treeHidden civsTurbo modeCheats
Victory
Defeat
🇮🇹 Franks · Italy
994
+16
🇬🇧 Portuguese · United Kingdom
1000
-48
150490644@
10:49 Feudal Age
15:38 Castle Age
14:06 Double-Bit Axe
15:56 Wheelbarrow
15:55 Loom
16:35 Bow Saw
17:13 Stone Mining
23:22 Hand Cart
26:11 Gold Mining
28:14 Gold Shaft Mining
28:01 Town Watch
31:03 Imperial Age
31:35 Husbandry
32:51 Chemistry
32:01 Scale Barding Armor
32:07 Forging
31:21 Cavalier
31:44 Pikeman
32:25 Squires
32:47 Chivalry
34:49 Chain Barding Armor
36:52 Plate Barding Armor
36:53 Iron Casting
36:23 Paladin
MakeLoveNotWar
10:41 Feudal Age
12:35 Wheelbarrow
12:59 Horse Collar
13:37 Double-Bit Axe
18:49 Castle Age
20:24 Heavy Plow
20:38 Bow Saw
26:10 Hand Cart
25:43 Loom
26:35 Gold Mining
27:05 Stone Mining
30:52 Imperial Age
28:10 Town Watch
29:11 Town Patrol
33:57 Fortified Wall
34:05 Masonry
33:38 Treadmill Crane
34:39 Elite Organ Gun
35:56 Gambesons
36:26 Forging
36:16 Scale Mail Armor
36:21 Scale Barding Armor
36:07 Fletching
36:17 Padded Archer Armor
36:28 Pikeman
38:19 Architecture
38:11 Ballistics
37:50 Murder Holes
38:21 Ballistics
37:35 Halberdier
38:55 Iron Casting
38:35 Chain Mail Armor
38:40 Chain Barding Armor
38:19 Crossbowman
39:05 Thumb Ring
Connection lost

Rejoining the realm…

Still unreachable

The connection could not be restored.

Session expired

The server has moved on; the page needs a fresh start.